 Dungeon Crawl Stone Soup version 0.29-a0-813-g4a14ea37d6 (webtiles) character file.

Game seed: 7193776959046081463

235 gobodom the Grave Robber (level 5, -5/31 HPs)
             Began as a Mummy Necromancer on July 5, 2022.
             Was a Believer of Hepliaklqana.
             Slain by a water moccasin (6 damage)
             ... on level 6 of the Dungeon.
             The game lasted 00:10:53 (2402 turns).

gobodom the Grave Robber (Mummy Necromancer)        Turns: 2402, Time: 00:10:54

Health: -5/31      AC:  2    Str: 11    XL:     5   Next: 76%
Magic:  10/12      EV: 12    Int: 16    God:    Hepliaklqana [**....]
Gold:   106        SH:  0    Dex: 19    Spells: 9/13 levels left

rFire   x . .      SeeInvis .   l - +1 dagger (venom)
rCold   + + .      Faith    .   (no shield)
rNeg    + + +      Spirit   .   a - +0 robe
rPois   ∞          Reflect  .   (no helmet)
rElec   .          Harm     .   (no cloak)
rCorr   .          Rampage  .   (no gloves)
Will    .....                   (no boots)
Stlth   ++........              m - amulet of magic regeneration
HPRegen 0.10/turn               i - +6 ring of dexterity
MPRegen 0.53/turn               v - ring of protection from cold

@: no status effects
A: reduced essence, cold resistance 1, negative energy resistance 3, torment
resistance 2, heat vulnerability 1, in touch with death 1, no potions
a: Renounce Religion, Recall Ancestor, Ancestor Identity


You were on level 6 of the Dungeon.
You worshipped Hepliaklqana.
Hepliaklqana was pleased with you.
You visited 1 branch of the dungeon, and saw 4 of its levels.

You collected 106 gold pieces.

Inventory:

Hand Weapons
 l - a +1 dagger of venom (weapon)
Missiles
 p - 5 poisoned darts
 s - 3 datura-tipped darts
Armour
 a - a +0 robe (worn)
Magical Staves
 j - a staff of conjuration
 r - a staff of air
Jewellery
 h - a ring of fire
 i - a +6 ring of dexterity (left hand)
 m - an amulet of magic regeneration (around neck)
 u - an amulet of faith
 v - a ring of protection from cold (right hand)
Wands
 k - a wand of flame (3)
 n - a wand of polymorph (10)
Scrolls
 c - a scroll of fear {unknown}
 d - a scroll of vulnerability {unknown}
 e - a scroll of immolation {unknown}
 f - 3 scrolls of identify {unknown}
 g - 2 scrolls of teleportation {unknown}
 o - a scroll of amnesia {unknown}
 q - a scroll of summoning {unknown}
 t - a scroll of noise {unknown}


   Skills:
 + Level 0.2 Fighting
 + Level 0.2 Short Blades
 + Level 2.0 Dodging
 + Level 1.7 Stealth
 + Level 0.1 Unarmed Combat
 + Level 4.7 Spellcasting
 + Level 5.5 Necromancy
 * Level 1.2 Evocations


You had 9 spell levels left.
You knew the following spells:

 Your Spells              Type           Power      Damage    Failure   Level
a - Necrotise             Necr           100%       1d9       1%          1
b - Vampiric Draining     Necr           32%        2d8       4%          3

Your spell library contained the following spells:

 Spells                   Type           Power      Damage    Failure   Level
 Summon Small Mammal      Summ           12%        N/A       16%         1
 Animate Dead             Necr           32%        N/A       16%         4
 Ensorcelled Hibernation  Hex/Ice        6%         N/A       24%         2
 Passwall                 Tmut/Erth      2%         N/A       24%         2
 Agony                    Necr           32%        N/A       41%         5
 Call Canine Familiar     Summ           3%         N/A       43%         3
 Gell's Gravitas          Tloc           3%         N/A       43%         3
 Lesser Beckoning         Tloc           3%         N/A       43%         3
 Summon Guardian Golem    Hex/Summ       3%         N/A       43%         3
 Swiftness                Air            3%         N/A       43%         3
 Teleport Other           Tloc           3%         N/A       43%         3


Dungeon Overview and Level Annotations

Branches:
Dungeon (3/15)

Altars:
Hepliaklqana

Shops:
D:1 :


Innate Abilities, Weirdness & Mutations

Your life essence is reduced to manifest your ancestor. (-10% HP)
You are immune to poison.
Your flesh is cold resistant. (rC+)
You are immune to negative energy. (rN+++)
You are immune to unholy pain and torment.
You are vulnerable to heat. (rF-)
You are in touch with the powers of death.
You do not drink.


Message History

Press: ? - help, Q - select action, (/) - cycle Shift-Dir - straight line, f - white imp
Aim: a white imp (68% to hit)
The puff of flame misses the white imp.
Aiming: Throw Flame
Press: ? - help, Q - select action, (/) - cycle Shift-Dir - straight line, f/p - white imp
Aim: a white imp (68% to hit)
The puff of flame hits the white imp.
The white imp is burned terribly!
The white imp is heavily wounded.
Aiming: Throw Flame
Press: ? - help, Q - select action, (/) - cycle Shift-Dir - straight line, f/p - white imp
Aim: a white imp (heavily wounded, 68% to hit)
The puff of flame hits the white imp.
The white imp is severely wounded.
The white imp shouts, "Back with thee, thou dissembling toad-spotted cotton waste!"
The white imp gestures at you. The puff of frost hits you. You resist.
* * * LOW HITPOINT WARNING * * *
Aiming: Throw Flame
Press: ? - help, Q - select action, (/) - cycle Shift-Dir - straight line, f/p - white imp
Aim: a white imp (heavily wounded, 68% to hit)
The puff of flame misses the white imp.
The puff of flame hits the ogre.
The ogre is lightly wounded.
Found a scroll labelled SINOIP MUKHLEKH and a black potion.
The white imp gestures at you. The puff of frost hits you. You resist.
* * * LOW HITPOINT WARNING * * *
A water moccasin comes into view.
The water moccasin hisses angrily.
A scorpion comes into view.
The water moccasin attacks as you move away!
The water moccasin closely misses you.
A hound comes into view.
The water moccasin bites you but does no damage.
The scorpion barely misses you.
You closely miss the scorpion. The water moccasin bites you.
* * * LOW HITPOINT WARNING * * *
The scorpion stings you but does no damage.
You hit the scorpion but do no damage.
The scorpion is poisoned.
The water moccasin bites you.
You die...

......#.###.#. .##.#
....Z.#.#...#.### ....##
....O5)...O5....# ......
....$)###.#####O##......
..?... #....?..........
...... #####...5$......
...... #...........
...### #...S.....!. ...
#...@....... ..
#.##s....[.. #.
#..###.## #. #... .#
..#.# # ###.. #h# .#


You could see a water moccasin, an ogre, a scorpion (very poisoned), a hound
(asleep) and a white imp.

Vanquished Creatures
  A kobold brigand (D:6)
  An iguana (D:6)
  6 adders
  An ufetubus (D:3)
  A worm (D:2)
  2 dart slugs
  4 endoplasms
  3 giant cockroaches (D:1)
  6 hobgoblins
  5 jackals (D:3)
  2 quokkas
  2 ball pythons
  4 bats
  2 frilled lizards (D:1)
  5 goblins
  8 kobolds
  4 rats
57 creatures vanquished.

Vanquished Creatures (collateral kills)
  An adder (D:2)
  A dart slug (D:2)
  An endoplasm (D:2)
  3 kobolds (D:6)
6 creatures vanquished.

Vanquished Creatures (others)
  A hexer (D:6)
1 creature vanquished.

Grand Total: 64 creatures vanquished

Notes
Turn   | Place    | Note
-------+----------+-------------------------------------------
     0 | D:1      | gobodom the Mummy Necromancer began the quest for the Orb.
     0 | D:1      | Reached XP level 1. HP: 13/13 MP: 4/4
   157 | D:1      | Reached XP level 2. HP: 19/19 MP: 1/5
   290 | D:1      | Found Lodat's Book Emporium.
   770 | D:1      | Found a faded altar of an unknown god.
   772 | D:1      | Prayed at the altar of an unknown god.
   772 | D:1      | Became a worshipper of Hepliaklqana the Forgotten
   772 | D:1      | Reached * piety under Hepliaklqana
  1204 | D:2      | Gained mutation: You are in touch with the powers of death.
                  | [Mummy growth]
  1204 | D:2      | Reached XP level 3. HP: 9/21 MP: 0/7
  1531 | D:2      | Learned a level 3 spell: Vampiric Draining
  1751 | D:2      | Reached skill level 5 in Necromancy
  1751 | D:2      | Reached XP level 4. HP: 27/27 MP: 6/9
  2121 | D:3      | Reached ** piety under Hepliaklqana
  2363 | D:3      | You fall into a shaft and drop 3 floors!
  2365 | D:6      | Remembered your ancestor Lucia as a hexer
  2369 | D:6      | Noticed a kobold brigand
  2379 | D:6      | Killed a kobold brigand
  2380 | D:6      | Reached XP level 5. HP: 20/31 MP: 6/11
  2382 | D:6      | Reached skill level 1 in Evocations
  2382 | D:6      | Noticed an ogre
  2396 | D:6      | Noticed a water moccasin
  2401 | D:6      | HP: 1/31 [water moccasin (4)]
  2402 | D:6      | Slain by a water moccasin

Illustrated notes

Levels and vault maps discovered:
D:1:      dpeg_arrival_arbitrary_c, layout_basic,
          shapermc_ecumenical_altar_venn, serial_shops, shop
D:2:      cheibrodos_helix_gallery, layout_rooms,
          corexii_item_surrounded_by_moat, chequers_jeans, minmay_tetromino_s4
D:3:      layout_rooms
D:6:      layout_basic

Skill      XL: |  1  2  3  4  5 |
---------------+----------------+-----
Spellcasting   | 3 4 |  4.7
Dodging        | 2 |  2.0
Necromancy     | 5 |  5.5
Evocations     | 1 |  1.2
Fighting       | |  0.2
Short Blades   | |  0.2
Stealth        | |  1.7
Unarmed Combat | |  0.1

Action                   |  1- 3 |  4- 6 || total
-------------------------+-------+-------++-------
Melee: Unarmed           |    15 |       ||    15
       Punch             |     1 |       ||     1
       Dagger            |     1 |    13 ||    14
 Cast: Necrotise         |    60 |    30 ||    90
       Vampiric Draining |       |     3 ||     3
Invok: Recall Ancestor   |       |     1 ||     1
       Ancestor Life: He |       |     1 ||     1
Evoke: Wand              |       |     6 ||     6
  Use: Scroll            |     1 |     1 ||     2
 Stab: Sleeping          |       |     1 ||     1
Armor: Robe              |     5 |     5 ||    10
Dodge: Dodged            |    17 |    30 ||    47

Table legend: (Time is in decaauts)
 A = Elapsed time spent in this place.
 B = Non-inter-level travel time spent in this place.
 C = Inter-level travel time spent in this place.
 D = Time resting spent in this place.
 E = Time spent auto-exploring this place.
 F = Levels seen in this place.
 G = Mean time per level.
                   A        B        C        D        E       F      G
               +--------+--------+--------+--------+--------+-----+--------+
         Total |   2399 |   2354 |     45 |      0 |   1940 |   4 |  599.8 |
       Dungeon |   2399 |   2354 |     45 |      0 |   1940 |   4 |  599.8 |
               +--------+--------+--------+--------+--------+-----+--------+

Top non-repeatable levels by time:
     D:1: 1089 daAuts
     D:2: 817 daAuts
     D:3: 454 daAuts
     D:6: 38 daAuts
